 Dungeon Crawl Stone Soup version 0.23.2-1-ga50397a (webtiles) character file.

Game seed: 17840221843034729236

153 dvd the Gusty (level 5, -3/28 HPs)
             Began as a Tengu Air Elementalist on May 27, 2019.
             Slain by a centaur (6 damage)
             ... on level 3 of the Dungeon.
             The game lasted 00:06:58 (3072 turns).

dvd the Gusty (Tengu Air Elementalist)              Turns: 3072, Time: 00:06:59

Health: -3/28      AC:  2    Str:  8    XL:     5   Next: 35%
Magic:  4/10       EV: 15    Int: 16    God:
Gold:   142        SH:  3    Dex: 15    Spells: 8/9 levels left

rFire    + . .     SeeInvis .   q - +0 dagger (venom)
rCold    . . .     Gourm    .   j - +0 buckler
rNeg     . . .     Faith    .   a - +0 robe
rPois    .         Spirit   .   (helmet restricted)
rElec    .         Reflect  .   (no cloak)
rCorr    +         Harm     .   (no gloves)
MR       .....                  (boots unavailable)
Stlth    ++........             (no amulet)
HPRegen  0.09/turn              g - ring of resist corrosion
MPRegen  0.12/turn              o - ring of protection from fire

@: flying quickly and evasively, quick
A: beak, talons 3, able to fly
a: Stop Flying


You were on level 3 of the Dungeon.
You were not hungry.

You visited 1 branch of the dungeon, and saw 3 of its levels.

You collected 142 gold pieces.

Inventory:

Hand Weapons
 e - a +0 short sword
 q - a +0 dagger of venom (weapon)
Armour
 a - a +0 robe (worn)
 j - a +0 buckler (worn)
Jewellery
 g - a ring of resist corrosion (left hand)
 o - a ring of protection from fire (right hand)
Scrolls
 b - 2 scrolls of remove curse {unknown}
 d - 3 scrolls of identify {unknown}
 f - a scroll of fear {unknown}
 k - 2 scrolls of teleportation {unknown}
 m - a scroll of immolation {unknown}
 r - a scroll of noise {unknown}
 s - a scroll of enchant weapon {unknown}
Potions
 h - a potion of brilliance {unknown}
 i - 2 potions of heal wounds
 n - a potion of curing
 p - a potion of might {unknown}
Comestibles
 c - 10 rations
 l - 2 chunks of flesh


   Skills:
 + Level 0.2 Short Blades
 + Level 2.7 Dodging
 + Level 2.2 Stealth
 + Level 2.6 Spellcasting
 + Level 3.8 Conjurations
 + Level 5.6 Air Magic


You had 8 spell levels left.
You knew the following spells:

 Your Spells              Type           Power        Failure   Level  Hunger
a - Shock                 Conj/Air       ###.         4%          1    #......

Your spell library contained the following spells:

 Spells                   Type           Power        Failure   Level  Hunger
 Static Discharge         Conj/Air       ###.....     14%         3    ###....
 Swiftness                Chrm/Air       ##......     16%         2    ##.....
 Airstrike                Air            ###.......   32%         4    #####..
 Lightning Bolt           Conj/Air       ###.......   78%         5    ######.


Dungeon Overview and Level Annotations

Branches:
Dungeon (3/15)

Altars:
Gozag


Innate Abilities, Weirdness & Mutations

You have a beak for a mouth.
You have claws for feet.
You can fly continuously.


Message History

* * * LOW HITPOINT WARNING * * *
Unknown command.
Casting: Shock (safe; 4% risk of failure)
Confirm with . or Enter, or press ? or * to list all spells.
Aiming: Shock (safe; 4% risk of failure)
Press: ? - help, Shift-Dir - straight line, f - centaur
Aim: a centaur (severely wounded)
The zap hits the centaur.
The centaur is almost dead.
The centaur barely misses you.
Unknown command.
Casting: Shock (safe; 4% risk of failure)
Confirm with . or Enter, or press ? or * to list all spells.
Aiming: Shock (safe; 4% risk of failure)
Press: ? - help, Shift-Dir - straight line, f/p - centaur
Aim: a centaur (almost dead)
The zap hits the centaur.
The centaur is almost dead.
The centaur hits you.
You die...

#### ### #.# ..#
#.# #.# #.#
###.### #.#
#.....# #.#
####.....#####.#
...........>...#
##.....#######
#..@..#
..<.†.c.###
........>
$.######## .


You could see a centaur.

Vanquished Creatures
  A bullfrog zombie (D:3)
  A gnoll (D:1)
  3 adders
  2 worms (D:2)
  A dart slug (D:1)
  A leopard gecko (D:1)
  4 orcs (D:3)
  5 bats
  3 giant cockroaches
  11 hobgoblins
  2 jackals (D:3)
  A quokka (D:2)
  2 ball pythons (D:1)
  6 frilled lizards
  7 goblins
  10 kobolds
  10 rats
70 creatures vanquished.

Notes
Turn   | Place    | Note
-------+----------+-------------------------------------------
     0 | D:1      | dvd the Tengu Air Elementalist began the quest for the Orb.
     0 | D:1      | Reached XP level 1. HP: 10/10 MP: 4/4
   156 | D:1      | Reached XP level 2. HP: 6/15 MP: 0/6
   878 | D:1      | Reached skill level 5 in Air Magic
   878 | D:1      | Reached XP level 3. HP: 6/19 MP: 4/7
  1697 | D:2      | Reached XP level 4. HP: 24/24 MP: 4/8
  2292 | D:2      | Found an opulent altar of Gozag.
  2889 | D:3      | Gained mutation: You can fly continuously. [Tengu growth]
  2889 | D:3      | Reached XP level 5. HP: 28/28 MP: 3/9
  3061 | D:3      | Noticed a centaur
  3072 | D:3      | Slain by a centaur

Skill      XL: |  1  2  3  4 |
---------------+-------------+-----
Air Magic      | 5 |  5.6
Conjurations   | 2 3 |  3.8
Short Blades   | |  0.2
Dodging        | |  2.7
Stealth        | |  2.2
Spellcasting   | |  2.6

Action                   |  1- 3 |  4- 6 || total
-------------------------+-------+-------++-------
Melee: Short sword       |     7 |     5 ||    12
       Unarmed           |     2 |       ||     2
       Peck              |     1 |     6 ||     7
       Dagger            |       |    17 ||    17
       Kick              |       |     4 ||     4
 Cast: Shock             |    66 |    73 ||   139
 Abil: Fly               |       |     1 ||     1
 Stab: Sleeping          |     1 |     1 ||     2
  Eat: Chunk             |     3 |     5 ||     8
Armor: Robe              |    18 |     2 ||    20
Dodge: Dodged            |    23 |    22 ||    45
Block: Buckler           |     1 |     5 ||     6
